 Dungeon Sprint DCSS version 0.30-a0-778-g2ef04afb54 (webtiles) character file.

Game seed: 11911937853212907774

5203 rocky1 the Imperceptible (level 10, -9/73 HPs)
             Began as a Kobold Brigand on Feb 15, 2023.
             Was an Initiate of Gozag.
             Mangled by a six-headed hydra (14 damage)
             ... in the Dungeon (Sprint IX: "|||||||||||||||||||||||||||||") on Feb 16, 2023.
             The game lasted 00:04:03 (805 turns).

rocky1 the Imperceptible (Kobold Brigand)            Turns: 805, Time: 00:04:04

Health: -9/73      AC:  4    Str:  8    XL:     10   Next: 91%
Magic:  10/10      EV: 16    Int: 17    God:    Gozag
Gold:   350        SH:  0    Dex: 20    Spells: 9/9 levels left

rFire   . . .      SeeInvis .    o - +2 rapier (freeze)
rCold   . . .      Faith    .    (no shield)
rNeg    . . .      Spirit   .    b - +0 robe
rPois   .          Reflect  .    (no helmet)
rElec   .          Harm     .    c - +0 cloak
rCorr   .          Rampage  .    q - +0 pair of gloves
Will    .....      NoTele   +    (no boots)
Stlth   ++++++++++               (no amulet)
HPRegen 0.32/turn                r - +2 ring of evasion
MPRegen 0.12/turn                s - +3 ring of intelligence

@: lethally poisoned (-9 -> -20)
A: small, no large weapons, nightstalker 3
a: Renounce Religion, Potion Petition, Call Merchant, Bribe Branch


You were in the Dungeon.
You worshipped Gozag.
Gozag was aware of your devotion.
You visited 1 branch You collected 1080 gold pieces.
You paid 730 gold pieces to Gozag.

Inventory:

Hand Weapons
 o - a +2 rapier of freezing (weapon)
 p - a +2 heavy scimitar
Missiles
 d - 9 poisoned darts
 e - 3 curare-tipped darts (quivered)
Armour
 b - a +0 robe (worn)
 c - a +0 cloak (worn)
 q - a +0 pair of gloves (worn)
 t - a +2 ring mail
Jewellery
 r - a +2 ring of evasion (left hand)
 s - a +3 ring of intelligence (right hand)
Wands
 n - a wand of roots (9)
Scrolls
 k - a scroll of blinking
 m - 2 scrolls of amnesia
 u - 2 scrolls of identify
 v - a scroll of fog
 w - 2 scrolls of enchant armour
 x - 2 scrolls of enchant weapon
Potions
 f - 6 potions of curing
 g - 4 potions of heal wounds
 h - a potion of haste
 i - 4 potions of magic
 j - 3 potions of might
 l - a potion of mutation


   Skills:
 + Level 13.1 Fighting
 + Level 18.1 Short Blades
 - Level 2.1 Throwing
 - Level 1.2 Dodging
 * Level 23.0 Stealth


You had 9 spell levels left.
You didn't know any spells.
Your spell library was empty.

Dungeon Overview and Level Annotations

Branches:
Dungeon (1/1)

Altars:
Cheibriados
Dithmenos
Elyvilon
Fedhas
Gozag
Hepliaklqana
Kikubaaqudgha
Makhleb
Nemelex Xobeh
Okawaru
Qazlal
Ru
Sif Muna
Trog
Uskayaw
Vehumet
Wu Jian
Xom
Yredelemnul
Zin
The Shining One
Jiyva
Lugonu

Shops:
D =


Innate Abilities, Weirdness & Mutations

You are small and have problems with some larger weapons.
You are completely attuned to the shadows.


Message History

The scroll dissolves into smoke.
The roots lose their grip on something.
You feel sick. The water moccasin misses you.
The water moccasin closely misses you. x2; The water moccasin bites you.
You puncture the water moccasin! You freeze the water moccasin.
The water moccasin is almost dead.
You feel sick.
Okay, then.
Okay, then.
You hit the six-headed hydra.
The six-headed hydra seems to slow down.
You freeze the six-headed hydra.
The six-headed hydra is lightly wounded.
You feel sick. The water moccasin bites you.
You are more poisoned.
The water moccasin poisons you!
You puncture the six-headed hydra!
The six-headed hydra seems to slow down.
You freeze the six-headed hydra.
The six-headed hydra is moderately wounded.
You feel very sick. The water moccasin barely misses you.
You hit the six-headed hydra.
The six-headed hydra seems to slow down.
You freeze the six-headed hydra.
The six-headed hydra is moderately wounded.
You feel sick.
The water moccasin bites you but does no damage.
You hit the six-headed hydra. You freeze the six-headed hydra.
The six-headed hydra is moderately wounded.
You feel sick.
Unknown command.
You feel much better.
You feel very sick. The water moccasin closely misses you.
The six-headed hydra bites you! x2
* * * LOW HITPOINT WARNING * * *
The six-headed hydra bites you!
* * * LOW HITPOINT WARNING * * *
The six-headed hydra misses you. The six-headed hydra bites you!
You die...
Your body crumbles into a pile of gold.

$
▓'▓.▓_▓
$
▓$▓.▓_▓
$
▓$▓.▓_▓
$
▓$▓.▓_▓
$
▓$▓.▓_▓
$
▓§▓.▓_▓
▓S▓.▓_▓
$
▓D▓.▓_▓
$
▓@▓.▓_▓
$
▓S▓.▓_▓
$
▓l▓.▓_▓
$
▓.▓.▓_▓
$
▓S▓.▓_▓
$
▓F▓.▓_▓
$ ▓.▓_▓
$ ▓.▓_▓
$ ▓.▓_▓


You could see a six-headed hydra (slow), 2 water moccasins and a wyvern.

Vanquished Creatures
  2 centaur warriors (D)
  A two-headed ogre (D)
  A deep elf pyromancer (D)
  An ugly thing (D)
  A black mamba (D)
  A komodo dragon (D)
  A kobold demonologist (D)
  A meliai (D)
  A polar bear (D)
  A troll (D)
  A vampire (D)
  A wraith (D)
  A basilisk (D)
  3 yaks (D)
  A water moccasin (D)
  An ogre (D)
  A howler monkey (D)
  A hound (D)
  An ufetubus (D)
  2 orcs (D)
  A ball python (D)
  A hobgoblin (D)
  A jackal (D)
  A bat (D)
  A frilled lizard (D)
29 creatures vanquished.

Notes
Turn   | Place    | Note
-------+----------+-------------------------------------------
     0 | D        | rocky1 the Kobold Brigand began the quest for the Orb.
     0 | D        | Reached XP level 1. HP: 12/12 MP: 1/1
    16 | D        | Reached skill level 6 in Stealth
    32 | D        | Noticed an ogre
    34 | D        | Killed an ogre
    35 | D        | Reached skill level 9 in Stealth
    35 | D        | Reached XP level 2. HP: 20/20 MP: 2/2
    35 | D        | Reached XP level 3. HP: 24/24 MP: 3/3
    35 | D        | Reached XP level 4. HP: 30/30 MP: 4/4
    41 | D        | Reached XP level 5. HP: 34/34 MP: 5/5
    43 | D        | Reached skill level 5 in Fighting
    43 | D        | Reached skill level 10 in Stealth
    44 | D        | Found a snail-covered altar of Cheibriados.
    44 | D        | Found a shadowy altar of Dithmenos.
    45 | D        | Found a white marble altar of Elyvilon.
    46 | D        | Found a blossoming altar of Fedhas.
    47 | D        | Found an opulent altar of Gozag.
    48 | D        | Found a hazy altar of Hepliaklqana.
    49 | D        | Found a viscous altar of Jiyva.
    50 | D        | Found an ancient bone altar of Kikubaaqudgha.
    51 | D        | Found a corrupted altar of Lugonu.
    52 | D        | Became a worshipper of Gozag Ym Sagoz the Greedy
    53 | D        | Found a burning altar of Makhleb.
    54 | D        | Found a sparkling altar of Nemelex Xobeh.
    55 | D        | Found an iron altar of Okawaru.
    56 | D        | Found a stormy altar of Qazlal.
    57 | D        | Found a sacrificial altar of Ru.
    58 | D        | Found a shimmering blue altar of Sif Muna.
    59 | D        | Found a bloodstained altar of Trog.
    60 | D        | Found a hide-covered altar of Uskayaw.
    61 | D        | Found a radiant altar of Vehumet.
    62 | D        | Found an ornate altar of the Wu Jian Council.
    63 | D        | Found a shimmering altar of Xom.
    64 | D        | Found a basalt altar of Yredelemnul.
    65 | D        | Found a glowing silver altar of Zin.
    66 | D        | Found a glowing golden altar of the Shining One.
   104 | D        | Noticed a troll
   104 | D        | Noticed a two-headed ogre
   106 | D        | Killed a troll
   107 | D        | Reached skill level 12 in Stealth
   107 | D        | Reached XP level 6. HP: 42/42 MP: 6/6
   107 | D        | Noticed a wraith
   110 | D        | Killed a two-headed ogre
   110 | D        | Noticed a kobold demonologist
   111 | D        | Reached skill level 15 in Stealth
   111 | D        | Reached XP level 7. HP: 50/50 MP: 7/7
   111 | D        | Reached XP level 8. HP: 55/55 MP: 8/8
   113 | D        | Reached skill level 16 in Stealth
   116 | D        | Noticed a yak
   125 | D        | Killed a wraith
   129 | D        | Killed a kobold demonologist
   130 | D        | Reached skill level 17 in Stealth
   135 | D        | Killed a yak
   136 | D        | Reached skill level 15 in Short Blades
   136 | D        | Reached XP level 9. HP: 35/62 MP: 9/9
   318 | D        | Noticed a deep elf pyromancer
   318 | D        | Noticed a centaur warrior
   319 | D        | Noticed a purple ugly thing
   321 | D        | Reached skill level 10 in Fighting
   321 | D        | Reached skill level 18 in Stealth
   321 | D        | Noticed a meliai
   322 | D        | Killed a deep elf pyromancer
   323 | D        | Reached skill level 19 in Stealth
   323 | D        | Noticed a centaur warrior
   324 | D        | Killed a centaur warrior
   325 | D        | Reached skill level 20 in Stealth
   326 | D        | Killed a purple ugly thing
   327 | D        | Reached XP level 10. HP: 71/71 MP: 10/10
   329 | D        | Reached skill level 21 in Stealth
   330 | D        | Killed a centaur warrior
   463 | D        | Noticed a komodo dragon
   466 | D        | Noticed a black mamba
   467 | D        | Killed a komodo dragon
   468 | D        | Reached skill level 22 in Stealth
   473 | D        | Killed a black mamba
   474 | D        | Noticed a six-headed hydra
   757 | D        | Reached skill level 23 in Stealth
   796 | D        | Noticed a black mamba
   797 | D        | Noticed a cane toad
   805 | D        | Mangled by a six-headed hydra

Illustrated notes

Levels and vault maps discovered:
D:        linesprint [early_d, line_temple, items_1, d_10, items_2, lair_1,
          lair_end, items_3, orc_1, orc_end, items_4, d_15, swamp_1, shoals_1,
          snake_1, spider_1, d_20, vaults_1, items_5, swamp_end, shoals_end,
          snake_end, spider_end, vaults_end, d_27, items_6, zot_1, zot_end,
          crypt_end, forest_end, elf_end, slime_end, tomb_end, abyss_end,
          pan_hell_end]

Skill      XL: |  1  2  3  4  5  6  7  8  9 10 |
---------------+-------------------------------+-----
Short Blades   | 7 11 14 15 16 18 | 18.1
Stealth        | 9 12 15 17 20 23 | 23.0
Fighting       | 4 6 8 9 11 13 | 13.1
Throwing       | |  2.1
Dodging        | |  1.2

Action                     |  1- 3 |  4- 6 |  7- 9 | 10-12 || total
---------------------------+-------+-------+-------+-------++-------
  Melee: Dagger            |    15 |     4 |       |       ||    19
         Rapier            |       |     4 |    23 |    34 ||    61
         Punch             |       |     1 |       |       ||     1
 Invoke: Call Merchant     |       |       |       |     1 ||     1
  Evoke: Wand              |       |       |       |     1 ||     1
    Use: Potion            |       |     1 |     1 |     1 ||     3
         Scroll            |       |       |       |     2 ||     2
   Stab: Sleeping          |     2 |     4 |     4 |     7 ||    17
         Invisible         |       |     2 |     3 |       ||     5
         Distracted        |       |       |     1 |       ||     1
 Armour: Robe              |       |       |       |     1 ||     1
  Dodge: Dodged            |     9 |       |    10 |    13 ||    32

Table legend: (Time is in decaauts)
 A = Elapsed time spent in this place.
 B = Non-inter-level travel time spent in this place.
 C = Inter-level travel time spent in this place.
 D = Time resting spent in this place.
 E = Time spent auto-exploring this place.
 F = Levels seen in this place.
 G = Mean time per level.
                   A        B        C        D        E       F      G
               +--------+--------+--------+--------+--------+-----+--------+
         Total |    787 |    787 |      0 |    437 |      0 |   1 |  787.0 |
       Dungeon |    787 |    787 |      0 |    437 |      0 |   1 |  787.0 |
               +--------+--------+--------+--------+--------+-----+--------+

Top non-repeatable levels by time:
       D: 787 daAuts
